 Dungeon Crawl Stone Soup version 0.32-a0-913-g739538afd8 (webtiles) character file.

Game seed: 14691142594157176118

219 smashvw the Shield-Bearer (level 6, -3/49 HPs)
             Began as a Formicid Fighter on Apr 9, 2024.
             Slain by a gnoll bouda
             ... wielding a +0 club
              (10 damage)
             ... on level 3 of the Dungeon.
             The game lasted 00:04:29 (2948 turns).

smashvw the Shield-Bearer (Formicid Fighter)        Turns: 2948, Time: 00:04:29

Health: -3/49      AC:  7    Str: 23    XL:     6   Next: 17%
Magic:  6/6        EV:  8    Int:  7    God:
Gold:   189        SH:  5    Dex: 13    Spells: 5/5 levels left

rFire   . . .        a - +0 war axe
rCold   . . .        c - +0 buckler
rNeg    . . .        b - +0 scale mail
rPois   .            (helmet unavailable)
rElec   .            (no cloak)
rCorr   .            (no gloves)
SInv    +            (no boots)
Will    .....        (no amulet) Stlth
                     (no ring)
HPRegen 0.28/turn    (no ring)
MPRegen 0.10/turn

%: no passive effects
@: weakened
A: permanent stasis, dig shafts and tunnels, antennae 3, four strong arms
a: Dig, Shaft Self


You were on level 3 of the Dungeon.
You visited 1 branch of the dungeon, and saw 4 of its levels.

You collected 189 gold pieces.

Inventory:

Hand Weapons
 a - a +0 war axe (weapon)
Armour
 b - a +0 scale mail (worn)
 c - a +0 buckler (worn)
Jewellery
 k - a ring of resist corrosion
Scrolls
 f - 4 scrolls of teleportation {unknown}
 g - a scroll of amnesia {unknown}
 h - 5 scrolls of identify {unknown}
 j - a scroll of immolation {unknown}
Potions
 d - a potion of might
 e - 6 potions of heal wounds {unknown}
 i - 6 potions of curing {unknown}


   Skills:
 + Level 4.5 Fighting
 + Level 3.3 Axes
 + Level 4.5 Armour
 + Level 5.4 Shields


You had 5 spell levels left.
You didn't know any spells.
Your spell library contained the following spells:

 Spells                   Type           Power      Damage    Failure   Level
 Slow                     Hex            0%         N/A       80%         1
 Call Canine Familiar     Summ           0%         N/A       99%         3
 Confusing Touch          Hex            0%         N/A       99%         3
 Sigil of Binding         Hex            0%         N/A       99%         3
 Vampiric Draining        Necr           0%         2d6       99%         3
 Dimensional Bullseye     Hex/Tloc       0%         N/A       100%        4


Dungeon Overview and Level Annotations

Branches:
Dungeon (4/15)
 Temple: D:4-7

Altars:
Trog

Shops:
D:1 ?


Innate Abilities, Weirdness & Mutations

You cannot be hasted, slowed, berserked, paralysed or teleported.
You can dig through walls and to a lower floor.
You have a pair of large antennae on your head. (SInv)
Your four strong arms can wield two-handed weapons with a shield.


Message History

You feel as though you will be weak longer.
You block the gnoll bouda's attack.
You are too injured to fight recklessly!
You are too injured to fight recklessly!
You block the gnoll's attack. The gnoll attacks as it pursues you!
The gnoll hits you from afar with a +0 spear.
The gnoll bouda calls upon its god to heal the gnoll.
The gnoll's wounds heal themselves!
The gnoll barely misses you.
There is a stone staircase leading up here.
You hit the gnoll bouda but do no damage.
The gnoll bouda is severely wounded.
You block the gnoll's attack. The gnoll barely misses you.
The gnoll bouda utters an invocation to its god.
The gnoll bouda is healed somewhat.
The gnoll hits you from afar with a +0 spear!
* * * LOW HITPOINT WARNING * * *
The gnoll hits you but does no damage. x2
The gnoll bouda barely misses you. You block the gnoll's attack.
The gnoll barely misses you. The gnoll hits you but does no damage.
You climb upwards.
There is a stone staircase leading down here.
You see here a +0 flail.
You barely miss the gnoll bouda.
The gnoll bouda is heavily wounded.
The gnoll bouda misses you. The gnoll bouda closely misses you.
You hit the gnoll bouda but do no damage.
The gnoll bouda is heavily wounded.
The gnoll bouda hits you with a +0 club!
* * * LOW HITPOINT WARNING * * *
You hit the gnoll bouda but do no damage.
The gnoll bouda is heavily wounded.
You block the gnoll bouda's attack.
The gnoll bouda hits you but does no damage.
You hit the gnoll bouda but do no damage.
The gnoll bouda is heavily wounded.
The gnoll bouda hits you but does no damage.
You slash the gnoll bouda!
The gnoll bouda is almost dead.
The gnoll bouda hits you with a +0 club!
You die...

#..#.## ##.##.# #........###.#
##..#######.#.####..####.......
#..# #........................
#..###.###.#.####..###..####.#
#.#.##.##.##.# #..# #..##...#
#.##.#.#.###.####..###..##.###
#.###...## #............##.#
#.# ##.## #######..###.###.#
#.# #.# #)g@.....# #.###.###
#.# #[####.######.###........
#.# #..............######....
#.# #####..........# #####
#.########.#####.##.#
#......>...# #.##.#
############ #.##.# #.##.#
############.##.#


You could see a gnoll bouda.

Vanquished Creatures
  A scorpion (D:4)
  Jessica (D:2)
  Terence (D:3)
  Robin (D:3)
  2 gnolls (D:3)
  2 adders
  A dart slug (D:3)
  A ribbon worm (D:2)
  4 ball pythons (D:1)
  3 endoplasms
  5 giant cockroaches
  8 hobgoblins
  2 quokkas
  5 bats
  2 frilled lizards
  13 goblins
  A kobold (D:1)
  3 rats
56 creatures vanquished.

Notes
Turn   | Place    | Note
-------+----------+-------------------------------------------
     0 | D:1      | smashvw the Formicid Fighter began the quest for the Orb.
     0 | D:1      | Reached XP level 1. HP: 18/18 MP: 1/1
   191 | D:1      | Reached XP level 2. HP: 21/24 MP: 2/2
   287 | D:1      | Found Pesathe's Magic Scroll Emporium.
   784 | D:1      | Reached XP level 3. HP: 28/29 MP: 3/3
  1307 | D:2      | Noticed Jessica
  1311 | D:2      | Killed Jessica
  1312 | D:2      | Reached XP level 4. HP: 37/37 MP: 4/4
  1402 | D:2      | Found a faded altar of an unknown god.
  1556 | D:3      | Noticed Terence
  1572 | D:3      | Killed Terence
  1651 | D:3      | Noticed Robin
  1669 | D:3      | Reached XP level 5. HP: 12/42 MP: 5/5
  1674 | D:3      | Killed Robin
  1675 | D:3      | Reached skill level 5 in Shields
  2011 | D:3      | Found a bloodstained altar of Trog.
  2627 | D:4      | Reached XP level 6. HP: 14/49 MP: 6/6
  2948 | D:3      | Slain by a gnoll bouda

Illustrated notes

Levels and vault maps discovered:
D:1:      amcnicky_arrival_abandoned_market, layout_basic, serial_shops, shop,
          chequers_serial_rivers_marsh
D:2:      layout_rooms, shapermc_ecumenical_altar_mp_urbaneastern, uniq_jessica
D:3:      layout_loops_ring, lightli_temple_of_fire, chequers_arboretum,
          uniq_terence, uniq_robin
D:4:      layout_cave_pools, st_stairs_14, chequers_serial_rivers_small_b,
          uniq_menkaure, uniq_blork_the_orc, uniq_grinder

Skill      XL: |  1  2  3  4  5 |
---------------+----------------+-----
Fighting       | 4 |  4.5
Armour         | 4 |  4.5
Shields        | 5 |  5.4
Axes           | 3 |  3.3

Action                     |  1- 3 |  4- 6 || total
---------------------------+-------+-------++-------
  Melee: War axe           |    77 |    75 ||   152
 Armour: Scale mail        |    49 |    95 ||   144
  Dodge: Dodged            |    35 |    54 ||    89
  Block: Buckler           |    24 |    30 ||    54

Table legend: (Time is in decaauts)
 A = Elapsed time spent in this place.
 B = Non-inter-level travel time spent in this place.
 C = Inter-level travel time spent in this place.
 D = Time resting spent in this place.
 E = Time spent auto-exploring this place.
 F = Levels seen in this place.
 G = Mean time per level.
                   A        B        C        D        E       F      G
               +--------+--------+--------+--------+--------+-----+--------+
         Total |   3014 |   2824 |    190 |    285 |   2157 |   4 |  753.5 |
       Dungeon |   3014 |   2824 |    190 |    285 |   2157 |   4 |  753.5 |
               +--------+--------+--------+--------+--------+-----+--------+

Top non-repeatable levels by time:
     D:3: 1294 daAuts
     D:1: 1090 daAuts
     D:2: 489 daAuts
     D:4: 140 daAuts
